 Dungeon Crawl Stone Soup version 0.19-a0-990-gf36c7f1 (webtiles) character file.

118 Implojin the Ruffian (level 4, -6/44 HPs)
             Began as a Troll Fighter on July 14, 2016.
             Mangled by an iguana (12 damage)
             ... on level 4 of the Dungeon.
             The game lasted 00:01:45 (255 turns).

Implojin the Ruffian (Troll Fighter)                 Turns: 255, Time: 00:01:45

Health: -6/44      AC:  5    Str: 24    XL:     4   Next: 72%
Magic:  3/3        EV:  8    Int:  4    God:
Gold:   11         SH:  8    Dex: 10    Spells: 0 memorised, 3 levels left

rFire  . . .     SeeInvis .       - Unarmed
rCold  . . .     Gourm    +     a - +0 robe
rNeg   . . .     Faith    .     b - +0 shield
rPois  .         Spirit   .     (helmet restricted)
rElec  .         Dismiss  .     (no cloak)
rCorr  .         Reflect  .     (gloves unavailable)
SustAt .         Harm     .     (boots unavailable)
MR     .....                    (no amulet)
Stlth  +.........               (no ring)
                                (no ring)

@: not resistant to hostile enchantments, very unstealthy
A: unfitting armour, claws 3, fast metabolism 3, gourmand, regeneration 2,
shaggy fur 1, tough skin 2
a: no special abilities


You were on level 4 of the Dungeon.
You were very full.

You visited 1 branch of the dungeon, and saw 4 of its levels.

You collected 11 gold pieces.

Inventory:

Hand Weapons
 i - a +0 blowgun
 k - a +0 morningstar
Missiles
 g - 5 poisoned needles
Armour
 a - a +0 robe (worn)
 b - a +0 shield (worn)
Magical Staves
 n - an uncursed staff of fire {unknown}
Jewellery
 f - an uncursed ring of stealth {unknown}
Scrolls
 e - 2 scrolls of remove curse {unknown}
 j - a scroll of identify {unknown}
 m - a scroll of recharging {unknown}
Potions
 c - a potion of might
 h - a potion of agility {unknown}
Comestibles
 d - 2 bread rations


   Skills:
 - Level 2.4 Fighting
 - Level 2.4 Dodging
 - Level 2.4 Shields
 * Level 5.0 Unarmed Combat


You had 3 spell levels left.
You didn't know any spells.

Dungeon Overview and Level Annotations

Branches:
Dungeon (4/15)
 Temple: D:4-7

Altars:
Hepliaklqana

Annotations:
D:4 exclusion: upstairs


Innate Abilities, Weirdness & Mutations

You are too large for most types of armour.
You have claws for hands.
Your metabolism is lightning-fast.
You like to eat raw meat.
You heal very quickly.
You are covered in fur. (AC +1)
You have very tough skin. (AC +2)


Message History

Unknown command.
You closely miss the giant gecko.
The giant gecko is heavily wounded.
The giant gecko bites you.
* * * LOW HITPOINT WARNING * * *
Unknown command.
You barely miss the giant gecko.
The giant gecko is heavily wounded.
You block the giant gecko's attack.
You barely miss the giant gecko.
The giant gecko is heavily wounded.
The giant gecko bites you but does no damage.
An iguana comes into view.
The iguana hisses angrily.
You scratch the giant gecko but do no damage.
The giant gecko is heavily wounded.
You block the giant gecko's attack.
You scratch the giant gecko.
You kill the giant gecko!
You claw the giant gecko!
You kill the giant gecko!
You see here a giant newt corpse.
The iguana closely misses you.
You scratch the iguana.
The iguana is lightly wounded.
The iguana bites you but does no damage.
You scratch the iguana but do no damage.
The iguana is lightly wounded.
The iguana bites you!
* * * LOW HITPOINT WARNING * * *
Unknown command.
You scratch the iguana.
The iguana is moderately wounded.
The iguana bites you.
* * * LOW HITPOINT WARNING * * *
Unknown command.
You scratch the iguana.
The iguana is severely wounded.
The iguana bites you!
You die...

######
.....
####....
#.....#
#.....# #
#..@l.# #.
##†###.#
#.###)###.#
#..<......#
###)#######
#<# #.# #[#
#.#


You could see an iguana.

Vanquished Creatures
  An ogre (D:4)
  An adder (D:3)
  3 giant geckos (D:4)
  An orc (D:3)
  2 bats (D:3)
  A giant cockroach (D:3)
  A goblin (D:3)
  3 jackals (D:3)
  2 kobolds
  5 giant newts
  A rat (D:3)
21 creatures vanquished.

Notes
Turn   | Place    | Note
-------+----------+-------------------------------------------
     0 | D:1      | Implojin the Troll Fighter began the quest for the Orb.
     0 | D:1      | Reached XP level 1. HP: 22/22 MP: 0/0
    59 | D:2      | You fall through a shaft!
    74 | D:3      | Reached XP level 2. HP: 25/29 MP: 1/1
    79 | D:3      | Reached skill level 3 in Unarmed Combat
   150 | D:3      | Found a hazy altar of Hepliaklqana.
   207 | D:4      | Noticed an ogre
   217 | D:4      | Killed an ogre
   217 | D:4      | Reached skill level 4 in Unarmed Combat
   217 | D:4      | Reached XP level 3. HP: 11/36 MP: 2/2
   217 | D:4      | Reached XP level 4. HP: 13/44 MP: 3/3
   236 | D:4      | Reached skill level 5 in Unarmed Combat
   255 | D:4      | Mangled by an iguana

Vault maps used:
D:1:      saegor_arrival_simple_f
D:2:      yredelemnul_forgotten_temple_becter, nicolae_overflow_crystal_walls,
          first_bread, wad_orctagon
D:3:      kb_forest_paths, lemuel_round_altar
D:4:      old_standard_altar, bloody_trog, minmay_lizard_king

Skill      XL: |  1  2  3  4 |
---------------+-------------+-----
Unarmed Combat | 4 5 |  5.0
Fighting       | |  2.4
Dodging        | |  2.4
Shields        | |  2.4

Action                   |  1- 3 |  4- 6 || total
-------------------------+-------+-------++-------
Melee: Unarmed           |    55 |    25 ||    80
  Eat: Chunk             |     6 |       ||     6
Armor: Robe              |    37 |     9 ||    46
Dodge: Dodged            |    32 |     3 ||    35
Block: Shield            |    58 |     5 ||    63

Table legend:
 A = Turns spent in this place as a percentage of turns spent in the entire game.
 B = Non-inter-level travel turns spent in this place as a percentage of non-inter-level travel turns spent in the entire game.
 C = Inter-level travel turns spent in this place as a percentage of turns spent in this place.
 D = Turns resting spent in this place as a percentage of non-inter-level travel turns spent in this place.
 E = Turns spent auto-exploring this place as a percentage of non-inter-level travel turns spent in this place.
 F = Non-inter-level travel turns spent in this place divided by the number of levels of this place that you've seen.
                   A       B       C       D       E      F
               +-------+-------+-------+-------+-------+----------------------
         Total | 100.0 | 100.0 |   0.0 |   0.0 |   0.0 |  63.8
       Dungeon | 100.0 | 100.0 |   0.0 |   0.0 |   0.0 |  63.8
               +-------+-------+-------+-------+-------+----------------------

Table legend:
 A = Kills in this place as a percentage of kills in entire the game.
 B = Kills by you in this place as a percentage of kills by you in the entire game.
 C = Kills by friends in this place as a percentage of kills by friends in the entire game.
 D = Other kills in this place as a percentage of other kills in the entire game.
 E = Experience gained in this place as a percentage of experience gained in the entire game.
 F = Experience gained in this place divided by the number of levels of this place that you have seen.
                   A       B       C       D       E      F
               +-------+-------+-------+-------+-------+----------------------
         Total | 100.0 | 100.0 |  -nan |  -nan | 100.0 |  42.2
       Dungeon | 100.0 | 100.0 |  -nan |  -nan | 100.0 |  42.2
               +-------+-------+-------+-------+-------+----------------------
